 Dungeon Crawl Stone Soup version 0.16.2-12-gd0ad4c3 (webtiles) character file.

8219 Kira the Unseen (level 11, -10/50 HPs)
             Began as a Spriggan Enchanter on Oct 22, 2015.
             Was an Elder of Nemelex Xobeh.
             Hit by a large rock thrown by a cyclops (44 damage)
             ... on level 10 of the Dungeon.
             The game lasted 01:02:18 (9477 turns).

Kira the Unseen (Spriggan Enchanter)                Turns: 9477, Time: 01:02:18

Health: -10/50     AC:  2    Str:  4    XL:     11   Next: 7%
Magic:  27/32      EV: 26    Int: 21    God:    Nemelex Xobeh [****..]
Gold:   217        SH:  0    Dex: 16    Spells: 4 memorised, 18 levels left

rFire  . . .     SeeInvis +     e - +1 dagger (speed)
rCold  + . .     Clarity  .     K - +0 robe {rC+}
rNeg   . . .     SustAb   .     (shield restricted)
rPois  .         Gourm    .     (helmet restricted)
rElec  .         Spirit   .     (no cloak)
rCorr  +         Warding  .     (gloves unavailable)
rMut   .         Stasis   .     (boots unavailable)
MR     ++...                    O - amulet of resist corrosion
Stlth  +++++++...               x - +4 ring of evasion
                                A - ring of protection from magic

@: very quick, very resistant to hostile enchantments, extremely stealthy
A: unfitting armour, see invisible, herbivore 3, speed 3, slow metabolism 2
a: Triple Draw, Deal Four, Renounce Religion


You were on level 10 of the Dungeon.
You worshipped Nemelex Xobeh.
Nemelex Xobeh was greatly pleased with you.
You were not hungry.

You visited 2 branches of the dungeon, and saw 11 of its levels.

You collected 391 gold pieces.
You spent 174 gold pieces at shops.

Inventory:

Hand weapons
 e - a +1 dagger of speed (weapon)
Armour
 K - a +0 robe of cold resistance (worn)
Rods
 l - a +0 iron rod (8/14)
   (You found it on level 4 of the Dungeon)
Jewellery
 x - a +4 ring of evasion (right hand)
 A - a ring of protection from magic (left hand)
 O - an amulet of resist corrosion (around neck)
Magical devices
 n - a wand of confusion (32)
 p - a wand of teleportation (3)
 q - a wand of draining (8)
Scrolls
 f - 2 scrolls of blinking {unknown}
 g - 8 scrolls of identify
 h - 2 scrolls of enchant armour {unknown}
 k - 5 scrolls of teleportation
 s - 4 scrolls of remove curse
 t - a scroll of immolation {unknown}
 w - a scroll of recharging {unknown}
 D - a scroll of fog {unknown}
 E - a scroll of magic mapping {unknown}
 F - a scroll of summoning {unknown}
 J - a scroll of acquirement {unknown}
 L - a scroll of fear
 P - a scroll of amnesia {unknown}
Potions
 i - 4 potions of haste {unknown}
 j - 3 potions of ambrosia {unknown}
 o - 2 potions of curing {unknown}
 r - 3 potions of brilliance {unknown}
 v - a potion of agility {unknown}
 z - 3 potions of heal wounds {unknown}
 I - a potion of poison {unknown}
Miscellaneous
 m - a plain deck of war
 u - a plain deck of war
 y - a plain deck of destruction
 C - a plain deck of war
 G - a plain deck of destruction
 H - an ornate deck of destruction
 Q - an ornate deck of war
Comestibles
 d - 8 bread rations


   Skills:
 + Level 1.9 Fighting
 + Level 4.0 Short Blades
 + Level 7.2 Dodging
 + Level 15.3 Stealth
 + Level 9.4 Spellcasting
 + Level 0.1 Conjurations
 + Level 9.0 Hexes
 * Level 9.9 Evocations


You had 18 spell levels left.
You knew the following spells:

 Your Spells              Type           Power        Failure   Level  Hunger
a - Corona                Hex            #####..      1%          1    None
b - Ensorcelled Hibernat  Hex/Ice        ####..       1%          2    None
c - Confuse               Hex            #####...     1%          3    None
d - Fulminant Prism       Conj/Hex       ####......   14%         4    ##.....


Dungeon Overview and Level Annotations

Branches:
Dungeon (10/15)            Temple (1/1) D:6             Orc (0/4) D:10
   Lair: D:8-11

Altars:
Ashenzari
Cheibriados
Dithmenos
Elyvilon
Fedhas
Gozag
Kikubaaqudgha
Makhleb
Nemelex Xobeh
Okawaru
Qazlal
Ru
Sif Muna
Trog
Vehumet
Xom
Yredelemnul
Zin
The Shining One
Beogh

Shops:
D:8 ?


Innate Abilities, Weirdness & Mutations

You are tiny and cannot use many weapons and most armour.
You have supernaturally acute eyesight.
You are a herbivore.
You cover ground extremely quickly.
You need consume almost no food.


Message History

The cyclops shouts!
An orc comes into view.
Found a slice of pizza.
The cyclops throws a large rock.
The large rock hits you!
You see here a large rock.
You start resting.
Wield which item (- for none, * to show all)? (? for menu, Esc to quit)
l - a +0 iron rod (14/14) (weapon)
Aiming: Scattershot
Press: ? - help, Shift-Dir - straight line, f - giant frog simulacrum
Aim: a giant frog simulacrum The burst of metal fragments hits the giant frog simulacrum.
The giant frog simulacrum vapourises!
Wield which item (- for none, * to show all)? (? for menu, Esc to quit)
Your hands tingle!
e - a +1 dagger of speed (weapon)
The cyclops throws a large rock.
The large rock hits you!!!
Ouch! That really hurt!
You die...
Your body glows with a rainbow of weird colours and disappears.

Z.≈≈C≈.≈# o.# #
≈≈≈≈≈≈≈≈#####....##
#
.≈≈≈≈.≈r........$...
#
#......C(#####....#.
# .......#.....# %.#
# ##### #..##.# # #
#§.# # #..# # #@.# #
#..# # #..# # #..# #
#..# # #..# #
#..######## #
#.......... ..# #
#.######### #.# #


You could see a cyclops and a quokka (wandering).

Vanquished Creatures
  Erolcha (D:8)
  A hill giant (D:10)
  An orc knight (D:10)
  2 polar bears (D:9)
  A boulder beetle (D:8)
  A two-headed ogre (D:9)
  6 yaks
  A wyvern (D:8)
  2 hippogriffs
  2 wolves (D:9)
  3 orc warriors (D:10)
  2 sky beasts
  The ghost of HANFGEIST the Grave Robber, an average SpNe (D:3)
  A phantom (D:7)
  6 centaurs
  3 ice beasts
  4 giant frogs
  5 ogres
  A big kobold (D:7)
  2 scorpions
  3 electric eels
  2 goliath beetles
  8 wights
  5 crimson imps
  4 jellies
  2 iguanas (D:4)
  A centaur zombie (D:6)
  6 hounds
  5 orc priests
  2 giant frog skeletons
  A giant frog zombie (D:6)
  5 orc wizards
  Natasha (D:6)
  10 worker ants
  3 giant frog simulacra
  A hound zombie (D:7)
  2 hound skeletons
  A mummy (D:6)
  A killer bee simulacrum (D:9)
  14 adders
  2 gnolls (D:7)
  4 white imps
  3 ufetubi (D:9)
  3 worms
  An adder skeleton (D:4)
  2 adder simulacra (D:9)
  6 giant geckos
  2 oozes
  56 orcs
  2 ball pythons (D:3)
  2 bat skeletons (D:7)
  13 goblins
  16 hobgoblins
  11 jackals
  16 kobolds
  5 quokkas
  A ball python skeleton (D:5)
  13 bats
  4 giant cockroaches
  A giant gecko skeleton (D:5)
  3 giant newts
  A giant spore (D:8)
  2 hobgoblin zombies (D:6)
  A jackal simulacrum (D:9)
  2 kobold zombies (D:6)
  9 rats
304 creatures vanquished.

Vanquished Creatures (others)
  2 fulminant prisms (D:9)
2 creatures vanquished.

Grand Total: 306 creatures vanquished

Notes
Turn   | Place    | Note
--------------------------------------------------------------
     0 | D:1      | Kira, the Spriggan Enchanter, began the quest for the Orb.
     0 | D:1      | Reached XP level 1. HP: 9/9 MP: 4/4
   201 | D:1      | Reached XP level 2. HP: 13/13 MP: 7/7
   216 | D:1      | Learned a level 2 spell: Ensorcelled Hibernation
   650 | D:2      | Reached skill level 5 in Stealth
   664 | D:2      | You fall through a shaft for 2 floors!
   690 | D:4      | Reached XP level 3. HP: 16/16 MP: 11/11
   748 | D:4      | Reached XP level 4. HP: 13/21 MP: 10/13
   760 | D:4      | Reached skill level 6 in Stealth
   782 | D:4      | Found a sparkling altar of Nemelex Xobeh.
   805 | D:4      | Became a worshipper of Nemelex Xobeh the Trickster
   809 | D:4      | Received a gift from Nemelex Xobeh
   833 | D:4      | Reached skill level 1 in Evocations
   833 | D:4      | Reached XP level 5. HP: 11/24 MP: 9/16
   854 | D:4      | Noticed an ogre
   859 | D:4      | Killed an ogre
   859 | D:4      | Reached skill level 7 in Stealth
  1303 | D:3      | Found an opulent altar of Gozag.
  1461 | D:3      | Reached XP level 6. HP: 25/29 MP: 1/20
  1475 | D:3      | Noticed HANFGEIST's ghost (average SpNe)
  1495 | D:4      | Learned a level 3 spell: Confuse
  1824 | D:3      | Killed HANFGEIST's ghost
  1898 | D:3      | Found a shadowy altar of Dithmenos.
  2112 | D:2      | Found a stormy altar of Qazlal.
  2524 | D:2      | Received a gift from Nemelex Xobeh
  2799 | D:4      | Reached skill level 8 in Stealth
  3224 | D:5      | Entered Level 5 of the Dungeon
  3303 | D:5      | Reached skill level 5 in Spellcasting
  3320 | D:5      | Reached XP level 7. HP: 32/32 MP: 22/22
  3339 | D:5      | Reached skill level 5 in Hexes
  3453 | D:5      | Reached skill level 9 in Stealth
  3507 | D:5      | Reached skill level 5 in Dodging
  3644 | D:5      | Found a burning altar of Makhleb.
  3677 | D:5      | Reached XP level 8. HP: 28/37 MP: 24/24
  3798 | D:5      | Received a gift from Nemelex Xobeh
  3923 | D:6      | Noticed Natasha
  3926 | D:6      | Killed Natasha
  3926 | D:6      | Reached skill level 10 in Stealth
  4143 | D:6      | Reached skill level 1 in Fighting
  4269 | D:6      | Received a gift from Nemelex Xobeh
  4337 | D:6      | You fall through a shaft!
  4543 | D:7      | Reached skill level 5 in Evocations
  4553 | D:7      | Found a blossoming altar of Fedhas.
  4721 | D:7      | Reached skill level 11 in Stealth
  4994 | D:7      | Acquired Nemelex Xobeh's first power
  5054 | D:7      | Reached XP level 9. HP: 34/41 MP: 10/27
  5236 | D:6      | Received a gift from Nemelex Xobeh
  5542 | D:6      | Reached skill level 12 in Stealth
  5589 | D:6      | Found a staircase to the Ecumenical Temple.
  5595 | Temple   | Entered the Ecumenical Temple
  5922 | D:7      | Received a gift from Nemelex Xobeh
  6392 | D:8      | Noticed Erolcha
  6483 | D:8      | Killed Erolcha
  6483 | D:8      | Reached skill level 13 in Stealth
  6562 | D:8      | Found Notam's Magic Scroll Shop.
  6568 | D:8      | Bought a scroll of identify for 24 gold pieces
  6568 | D:8      | Bought a scroll of fear for 42 gold pieces
  6568 | D:8      | Bought a scroll of teleportation for 36 gold pieces
  6568 | D:8      | Bought a scroll of remove curse for 36 gold pieces
  6568 | D:8      | Bought 2 scrolls of random uselessness for 24 gold pieces
  6568 | D:8      | Bought a scroll of noise for 12 gold pieces
  6731 | D:8      | Found a deep blue altar of Sif Muna.
  6953 | D:8      | Reached XP level 10. HP: 46/46 MP: 26/29
  7622 | D:9      | Reached skill level 14 in Stealth
  7674 | D:9      | Acquired Nemelex Xobeh's second power
  7790 | D:9      | Received a gift from Nemelex Xobeh
  8175 | D:9      | Found a glowing golden altar of the Shining One.
  8353 | D:9      | Learned a level 4 spell: Fulminant Prism
  8724 | D:10     | Entered Level 10 of the Dungeon
  8780 | D:10     | Noticed a hill giant
  8788 | D:10     | Killed a hill giant
  8824 | D:10     | Found an ancient bone altar of Kikubaaqudgha.
  8932 | D:10     | Reached skill level 15 in Stealth
  8987 | D:10     | Found a snail-covered altar of Cheibriados.
  8997 | D:10     | Found a roughly hewn altar of Beogh.
  9012 | D:10     | Noticed an orc knight
  9039 | D:10     | Killed an orc knight
  9065 | D:10     | Reached XP level 11. HP: 50/50 MP: 16/31
  9288 | D:10     | Found a staircase to the Orcish Mines.
  9456 | D:10     | Noticed a cyclops
  9477 | D:10     | Hit by a large rock thrown by a cyclops

Action                   |  1- 3 |  4- 6 |  7- 9 | 10-12 || total
-------------------------+-------+-------+-------+-------++-------
Melee: Dagger            |    37 |   137 |   430 |   188 ||   792
 Cast: Corona            |     3 |     2 |     7 |     2 ||    14
       Ensorcelled Hiber |     4 |    45 |    57 |    89 ||   195
       Confuse           |       |     4 |    30 |    16 ||    50
       Fulminant Prism   |       |       |       |     2 ||     2
Evoke: Rod               |     1 |     5 |     5 |     9 ||    20
 Stab: Sleeping          |    11 |    44 |    73 |    59 ||   187
       Distracted        |     1 |       |     1 |       ||     2
       Confused          |       |     1 |    21 |    11 ||    33
  Eat: Pizza             |       |     1 |     1 |       ||     2
       Bread ration      |       |     1 |       |     1 ||     2
       Fruit             |       |       |     4 |     1 ||     5
